 Dungeon Crawl Stone Soup version 0.26-a0-774-g1415c89e12 (webtiles) character file.

Game seed: 140386905771936586

1645 RaHiT the Covert (level 8, -4/55 HPs)
             Began as an Octopode Delver on Nov 8, 2020.
             Was a Follower of Cheibriados.
             Slain by a hornet (7 damage)
             ... while paralysed by a hornet
             ... on level 7 of the Dungeon on Nov 9, 2020.
             The game lasted 01:01:30 (7824 turns).

RaHiT the Covert (Octopode Delver)                  Turns: 7824, Time: 01:01:30

Health: -4/55      AC:  1    Str: 13    XL:     8   Next: 99%
Magic:  17/17      EV:  2    Int: 17    God:    Cheibriados [*.....]
Gold:   327        SH:  0    Dex: 15    Spells: 7/7 levels left

rFire    . . .     SeeInvis .     - Unarmed
rCold    . . .     Faith    .   (no shield)
rNeg     . . .     Spirit   .   (helmet restricted)
rPois    +         Reflect  .   x - amulet of the acrobat
rElec    .         Harm     .   l - ring of poison resistance
rCorr    .         Rampage  .   (no ring)
MR       .....                  p - ring of magical power
Stlth    +++++.....             (no ring)
HPRegen  0.18/turn              (no ring)
MPRegen  0.15/turn              (no ring)
                                (no ring)
                                (no ring)

@: paralysed, lethally poisoned (-4 -> -7), very slow
A: almost no armour, stealthy swim, amphibious, 8 rings, constrict 8, camouflage
1, gelatinous body 1
a: Bend Time, Renounce Religion


You were on level 7 of the Dungeon.
You worshipped Cheibriados.
Cheibriados was aware of your devotion.
You visited 2 branches of the dungeon, and saw 8 of its levels.

You collected 327 gold pieces.

Inventory:

Missiles
 i - 165 stones
 v - 45 bolts
 w - 6 boomerangs (quivered)
 y - 134 arrows
 B - 18 sling bullets
Armour
 k - a +0 tower shield
Magical Staves
 C - an uncursed staff of fire {unknown}
Jewellery
 l - a ring of poison resistance (left tentacle)
 o - an uncursed ring of ice
 p - a ring of magical power (on tentacle)
 x - an amulet of the acrobat (around mantle)
Wands
 e - a wand of digging (3)
 n - a wand of enslavement (16)
 D - a wand of disintegration (11)
Scrolls
 a - 4 scrolls of fog
 b - a scroll of magic mapping
 c - a scroll of fear
 g - a scroll of holy word
 m - a scroll of amnesia {unknown}
 q - 3 scrolls of enchant armour
 s - 3 scrolls of remove curse
 u - 3 scrolls of noise
 z - a scroll of enchant weapon {unknown}
 E - a scroll of teleportation {unknown}
Potions
 d - a potion of haste
 f - a potion of attraction {unknown}
 h - 6 potions of curing
 j - a potion of degeneration {unknown}
 r - a potion of lignification {unknown}
 t - 2 potions of heal wounds
 A - a potion of invisibility {unknown}


   Skills:
 - Level 5.0 Fighting
 - Level 5.0 Throwing
 - Level 5.0 Dodging
 + Level 8.4 Stealth
 - Level 5.0 Unarmed Combat
 - Level 5.0 Evocations


You had 7 spell levels left.
You didn't know any spells.
Your spell library was empty.

Dungeon Overview and Level Annotations

Branches:
Dungeon (7/15)             Temple (1/1) D:6

Altars:
Ashenzari
Cheibriados
Dithmenos
Fedhas
Gozag
Hepliaklqana
Kikubaaqudgha
Makhleb
Nemelex Xobeh
Okawaru
Qazlal
Ru
Sif Muna
Uskayaw
Wu Jian
Xom
Yredelemnul
Zin

Annotations:
D:2 1 runed translucent door, exclusion: door, Crazy Yiuf
D:5 exclusion: scorpion
D:6 2 transporters, Decritt's ghost, novice MiFi


Innate Abilities, Weirdness & Mutations

You cannot wear most types of armour.
You are very stealthy in the water. (Stealth+)
You are amphibious.
You can wear up to eight rings at the same time.
You can use your tentacles to constrict eight enemies at once.
Your skin changes colour to match your surroundings (Stealth+).
Your rubbery body absorbs attacks. (AC +1, EV +1)


Message History

Evoke which item? (* to show all) (? for menu, Esc to quit)
Okay, then.
You feel much better.
You constrict the hornet.
You feel sick. The hornet stings you.
You feel yourself slow down.
You tentacle-slap the hornet but do no damage.
Your squeeze misses the hornet.
The hornet is severely wounded.
You constrict the hornet.
You feel sick. The hornet stings you!
* * * LOW HITPOINT WARNING * * *
You suddenly lose the ability to move!
You lose your grip on the hornet.
The hornet stings you.
* * * LOW HITPOINT WARNING * * *
You feel yourself speed up. The hornet stings you.
* * * LOW HITPOINT WARNING * * *
The hornet stings you.
* * * LOW HITPOINT WARNING * * *
* * * LOW HITPOINT WARNING * * *
You feel sick. The hornet stings you!
You die...

#.# #.# .. #.# ...
#.# #.# #.# #.# #
#.# #.#.# ##
####y# #.#.# ..
..##@###.#.# #.
#.##.......#
#..#>######...#
#..#.######...#
#.............#
#.##.######.......
#...<....######
##########


You could see a hornet.

Vanquished Creatures
  Pikel (D:6)
  Grinder (D:6)
  An orc warrior (D:6)
  A phantom (D:6)
  2 lemures (D:6)
  A bullfrog (D:4)
  5 hounds
  A centaur skeleton (D:3)
  2 bullfrog skeletons
  5 orc wizards
  3 worker ants
  A hound skeleton (D:4)
  7 adders
  5 gnolls
  3 white imps
  An ooze (D:4)
  An adder skeleton (D:4)
  An adder zombie (D:5)
  4 worms
  3 dart slugs
  9 leopard geckos
  10 orcs
  12 bats
  8 giant cockroaches
  6 goblins
  12 hobgoblins
  7 jackals (D:2)
  14 kobolds
  4 quokkas
  2 ball pythons (D:1)
  5 frilled lizards
  A jackal skeleton (D:4)
  7 rats
146 creatures vanquished.

Notes
Turn   | Place    | Note
-------+----------+-------------------------------------------
     0 | D:5      | RaHiT the Octopode Delver began the quest for the Orb.
     0 | D:5      | Reached XP level 1. HP: 16/16 MP: 1/1
   374 | D:5      | Noticed a hound
   388 | D:5      | Killed a hound
   388 | D:5      | Reached skill level 8 in Stealth
   388 | D:5      | Reached XP level 2. HP: 4/21 MP: 2/2
   388 | D:5      | Reached XP level 3. HP: 5/26 MP: 3/3
   853 | D:3      | Noticed a sky beast
  1126 | D:3      | You fall into a shaft and drop 1 floor!
  1140 | D:4      | Reached XP level 4. HP: 31/31 MP: 4/4
  1194 | D:4      | Noticed a bullfrog
  1204 | D:4      | Killed a bullfrog
  1204 | D:4      | Reached XP level 5. HP: 28/36 MP: 5/5
  1483 | D:3      | Found a sparkling altar of Nemelex Xobeh.
  2073 | D:1      | You fall into a shaft and drop 1 floor!
  2277 | D:1      | Reached XP level 6. HP: 41/42 MP: 6/6
  2562 | D:2      | Found an opulent altar of Gozag.
  2562 | D:2      | Found a shimmering altar of Xom.
  2898 | D:2      | Found a sacrificial altar of Ru.
  3336 | D:2      | Found a runed translucent door.
  3337 | D:2      | Noticed Crazy Yiuf
  3647 | D:1      | You fall into a shaft and drop 1 floor!
  3783 | D:3      | Found a shimmering blue altar of Sif Muna.
  3783 | D:3      | Found a faded altar of an unknown god.
  3788 | D:3      | Found a blossoming altar of Fedhas.
  3790 | D:3      | Found a basalt altar of Yredelemnul.
  3791 | D:3      | Found a faded altar of an unknown god.
  3927 | D:3      | Found a hazy altar of Hepliaklqana.
  3968 | D:3      | Reached skill level 5 in Unarmed Combat
  4400 | D:4      | Found an ornate altar of the Wu Jian Council.
  4561 | D:4      | Reached XP level 7. HP: 46/46 MP: 7/7
  4771 | D:5      | Reached skill level 5 in Dodging
  5435 | D:5      | Upgraded the game from 0.26-a0-771-g060e6a62af to
                  | 0.26-a0-774-g1415c89e12
  5486 | D:6      | Found a staircase to the Ecumenical Temple.
  5492 | Temple   | Entered the Ecumenical Temple
  5700 | Temple   | Became a worshipper of Cheibriados the Contemplative
  5750 | D:6      | Noticed Grinder
  6058 | D:6      | Found a transporter.
  6064 | D:6      | Noticed Decritt's ghost (novice MiFi)
  6081 | D:6      | Found a transporter.
  6322 | D:6      | Reached skill level 5 in Fighting
  6514 | D:6      | Reached skill level 1 in Throwing
  6736 | D:6      | Reached XP level 8. HP: 26/55 MP: 8/8
  6915 | D:6      | Found a shimmering blue altar of Sif Muna.
  7135 | D:6      | Noticed Pikel
  7150 | D:6      | Killed Pikel
  7150 | D:6      | Reached skill level 5 in Throwing
  7339 | D:6      | Killed Grinder
  7339 | D:6      | Reached skill level 5 in Evocations
  7546 | D:6      | Reached * piety under Cheibriados
  7810 | D:7      | Noticed a hornet
  7822 | D:7      | Paralysed by a hornet for 3 turns
  7824 | D:7      | Slain by a hornet

Illustrated notes

Levels and vault maps discovered:
D:1:      zaba_arrival_water, layout_basic, minmay_octomino_c4
D:2:      layout_loops_ring, gammafunk_temple_overflow_wave,
          nicolae_ru_the_path_less_chosen, uniq_crazy_yiuf_cottage
D:3:      layout_basic, chequers_temple_overflow_minitemple, old_standard_altar,
          nrook_mini_backslash, nemelex_spade_bored_becter
D:4:      layout_loops_cross, kennysheep_little_box,
          hangedman_decor_diamond_cutter, chequers_garden
D:5:      minmay_evil_eye, layout_basic, serial_park_tiny_1
D:6:      kennysheep_orc_sif_temple, layout_layer_cave,
          nicolae_overflow_hidden_temple, minmay_temple_entry_wispy,
          gammafunk_ghost_arena, uniq_grinder, uniq_pikel
D:7:      layout_loops_ring, gammafunk_ghost_hive
Temple:   dpeg_chambers_temple

Skill      XL: |  1  2  3  4  5  6  7  8 |
---------------+-------------------------+-----
Stealth        | 8 |  8.4
Unarmed Combat | 3 5 |  5.0
Dodging        | 3 4 5 |  5.0
Fighting       | 5 |  5.0
Throwing       | 3 5 |  5.0
Evocations     | 5 |  5.0

Action                   |  1- 3 |  4- 6 |  7- 9 || total
-------------------------+-------+-------+-------++-------
Melee: Unarmed           |    25 |   203 |   155 ||   383
       Constrict         |     6 |    64 |    31 ||   101
       Tentacles         |     5 |    40 |    39 ||    84
       Punch             |       |     4 |     3 ||     7
Throw: Stone             |     3 |    50 |    24 ||    77
       Boomerang         |       |    11 |    14 ||    25
Evoke: Wand              |       |       |     5 ||     5
  Use: Scroll            |       |     5 |     1 ||     6
       Potion            |       |       |     2 ||     2
 Stab: Sleeping          |     2 |    35 |     8 ||    45
Armor: Skin              |     2 |     5 |     6 ||    13
Dodge: Dodged            |    14 |   116 |    86 ||   216

Table legend: (Time is in decaauts)
 A = Elapsed time spent in this place.
 B = Non-inter-level travel time spent in this place.
 C = Inter-level travel time spent in this place.
 D = Time resting spent in this place.
 E = Time spent auto-exploring this place.
 F = Levels seen in this place.
 G = Mean time per level.
                   A        B        C        D        E       F      G
               +--------+--------+--------+--------+--------+-----+--------+
         Total |   8185 |   7845 |    340 |   1584 |   1668 |   8 | 1023.1 |
       Dungeon |   7964 |   7654 |    310 |   1584 |   1491 |   7 | 1137.7 |
        Temple |    221 |    191 |     30 |      0 |    177 |   1 |  221.0 |
               +--------+--------+--------+--------+--------+-----+--------+

Top non-repeatable levels by time:
     D:6: 2474 daAuts
     D:5: 1439 daAuts
     D:3: 1182 daAuts
     D:2: 1140 daAuts
     D:1: 960 daAuts
     D:4: 730 daAuts
  Temple: 221 daAuts
     D:7: 35 daAuts
